 Dungeon Crawl Stone Soup version 0.31.0-11-ge490571c62 (webtiles) character file.

Game seed: 696518185655782303

1519 Minsecho the Covert (level 8, -3/42 HPs)
             Began as a Spriggan Monk on Feb 2, 2024.
             Was a Believer of Wu Jian.
             Killed by divine providence
             ... invoked by an orc priest
              (15 damage)
             ... on level 7 of the Dungeon.
             The game lasted 00:27:56 (7654 turns).

Minsecho the Covert (Spriggan Monk)                 Turns: 7654, Time: 00:27:57

Health: -3/42      AC:  5    Str:  8    XL:     8   Next: 54%
Magic:  14/14      EV: 23    Int: 16    God:    Wu Jian [**....]
Gold:   106        SH:  0    Dex: 22    Spells: 8/13 levels left

rFire   . . .        i - +2 dagger (speed)
rCold   . . .        (no shield)
rNeg    . . .        b - +0 robe
rPois   .            (helmet restricted)
rElec   .            (no cloak)
rCorr   .            (gloves unavailable)
SInv    +            (boots unavailable)
Will    +....        y - amulet of regeneration
Stlth   ++++         q - ring of wizardry
HPRegen 1.07/turn    o - +6 ring of dexterity
MPRegen 0.14/turn

%: wizardry (x1)
@: very quick
A: very small, no large weapons, unfitting armour, see invisible, speed 3,
iridescent scales 1, clever 1, shaggy fur 1
a: Renounce Religion, Wall Jump


You were on level 7 of the Dungeon.
You worshipped Wu Jian.
Wu Jian was pleased with you.
You visited 2 branches of the dungeon, and saw 8 of its levels.
You also visited: Sewer.

You collected 301 gold pieces.
You spent 195 gold pieces at shops.

Inventory:

Hand Weapons
 a - a +0 short sword
 i - a +2 dagger of speed (weapon)
Missiles
 g - 33 poisoned darts (quivered)
 s - a curare-tipped dart
Armour
 b - a +0 robe (worn)
 d - an orb of light
Jewellery
 o - a +6 ring of dexterity (right hand)
 q - a ring of wizardry (left hand)
 y - an amulet of regeneration (around neck)
 B - a ring of positive energy
 D - a ring of positive energy
Wands
 r - a wand of paralysis (7)
 x - a wand of roots (6)
Scrolls
 e - 3 scrolls of immolation
 h - a scroll of fear {unknown}
 j - a scroll of enchant armour {unknown}
 n - a scroll of amnesia {unknown}
 t - a scroll of vulnerability {unknown}
 w - 2 scrolls of poison {unknown}
 z - a scroll of fog {unknown}
 E - a scroll of teleportation
 F - a scroll of revelation {unknown}
Potions
 c - a potion of brilliance {unknown}
 f - a potion of attraction {unknown}
 k - 3 potions of might
 l - a potion of berserk rage
 m - 2 potions of mutation
 p - a potion of lignification {unknown}
 u - 2 potions of cancellation
 v - 2 potions of resistance
 A - 3 potions of curing
 C - 2 potions of heal wounds
 G - a potion of haste {unknown}


   Skills:
 + Level 4.0 Fighting
 + Level 6.4 Short Blades
 + Level 1.0 Throwing
 + Level 7.2 Dodging
 * Level 8.1 Stealth
 * Level 3.4 Spellcasting
 + Level 0.1 Air Magic
 * Level 3.3 Alchemy
 + Level 1.3 Evocations


You had 8 spell levels left.
You knew the following spells:

 Your Spells              Type           Power      Damage    Failure   Level
a - Mercury Vapours       Alch/Air       16%        N/A       5%          2
b - Mephitic Cloud        Conj/Alch/Air  6%         N/A       13%         3

Your spell library contained the following spells:

 Spells                   Type           Power      Damage    Failure   Level
 Sting                    Conj/Alch      32%        1d5       3%          1
 Shock                    Conj/Air       12%        1d3       7%          1
 Olgreb's Toxic Radiance  Alch           13%        N/A       17%         4
 Gell's Gravitas          Tloc           2%         N/A       21%         3
 Swiftness                Air            3%         N/A       21%         3
 Teleport Other           Tloc           2%         N/A       21%         3
 Airstrike                Air            1%         2d(1-17)  52%         4
 Animate Dead             Necr           2%         N/A       54%         4
 Freezing Cloud           Conj/Ice/Air   1%         6-21      86%         5
 Dispersal                Tloc           1%         N/A       100%        6
 Haunt                    Necr/Summ      1%         N/A       100%        7
 Infestation              Necr           1%         N/A       100%        8


Dungeon Overview and Level Annotations

Branches:
Dungeon (7/15)             Temple (1/1) D:6           Sewer (visited)

Altars:
Ashenzari
Cheibriados
Dithmenos
Elyvilon
Fedhas
Gozag
Hepliaklqana
Kikubaaqudgha
Makhleb
Nemelex Xobeh
Okawaru
Qazlal
Ru
Sif Muna
Trog
Uskayaw
Vehumet
Wu Jian
Xom
Yredelemnul
Zin

Shops:
D:5 :   D:6 !

Annotations:
D:2 Robin


Innate Abilities, Weirdness & Mutations

You are very small and have problems with some larger weapons.
You are too small for most types of armour.
You have supernaturally acute eyesight. (SInv)
You cover ground extremely quickly. (Speed+++)
You are partially covered in iridescent scales. (AC +2)
Your mind is acute. (Int +4, Str/Dex -1)
You are covered in fur. (AC +1)


Message History

The orc priest is lightly wounded.
You hit the orc priest but do no damage.
The orc priest is lightly wounded.
The orc priest hits you with a +0 club.
You barely miss the orc priest.
The orc priest is lightly wounded.
You hit the orc priest.
The orc priest is heavily wounded.
The orc priest hits you with a +0 club.
You hit the orc priest but do no damage.
The orc priest is heavily wounded.
A centaur comes into view.
You closely miss the orc priest.
The orc priest is heavily wounded.
The orc priest hits you with a +0 club.
The centaur shouts!
The orc shouts!
You hit the orc priest but do no damage.
The orc priest is heavily wounded.
You hit the orc priest.
The orc priest is severely wounded.
You hit the orc priest.
The orc priest is almost dead.
The orc priest invokes the aid of Beogh against you.
Pain shoots through your body!
You hit the orc priest but do no damage.
The orc priest is almost dead.
You hit the orc priest but do no damage.
The orc priest is almost dead.
The orc priest mumbles some strange prayers to Beogh against you.
Beogh smites you!
* * * LOW HITPOINT WARNING * * *
Aiming: Fastroot
Press: ? - help, Shift-Dir - straight line The roots erupt in riotous growth!
Roots grab the orc wizard.
Roots grab the orc priest.
The grasping roots constrict the orc wizard.
The grasping roots constrict the orc priest.
The orc priest invokes the aid of Beogh against you.
Beogh smites you!
You die...

#. #. #. .. #.# # #.# .##>#
#. ... ...# #.### #.##..#
...## #.....# #..###
#########...#######....#
.......................#
.o...##..o@.≈≈≈≈≈≈≈≈≈..####
o.....#.co..≈.......≈......
............≈.≈≈.≈≈.≈......
.......####.≈.≈...≈........
##....... #.≈§§§_.≈.≈...<..
#<......# #.§§§§§.≈.≈......
#.......# #.§.§§≈≈§.≈......
#.......# #.≈.§.....≈..####
##......# #.≈≈≈≈≈≈≈≈≈..#


You could see a centaur, an orc priest (rooted) and an orc wizard (rooted).

Vanquished Creatures
  An orc warrior (D:6)
  2 sky beasts
  A black bear (D:4)
  An ogre (D:5)
  A kobold brigand (Sewer)
  3 scorpions
  3 bombardier beetles
  A jelly (D:6)
  2 orc priests
  4 hounds
  2 sleepcaps
  2 iguanas
  4 orc wizards
  11 adders
  5 river rats (Sewer)
  A dart slug (D:1)
  3 ribbon worms
  13 orcs
  9 endoplasms
  A giant cockroach (D:3)
  4 hobgoblins
  8 jackals
  12 ball pythons
  4 bats
  6 frilled lizards
  16 goblins
  29 kobolds
  22 rats
171 creatures vanquished.

Notes
Turn   | Place    | Note
-------+----------+-------------------------------------------
     0 | D:1      | Minsecho the Spriggan Monk began the quest for the Orb.
     0 | D:1      | Reached XP level 1. HP: 11/11 MP: 2/2
   244 | D:1      | Reached XP level 2. HP: 15/16 MP: 3/3
   306 | D:1      | Found a faded altar of an unknown god.
   329 | D:1      | Reached skill level 1 in Stealth
   452 | D:1      | Reached XP level 3. HP: 18/19 MP: 4/4
   496 | D:2      | Noticed Robin
   722 | D:2      | Reached skill level 2 in Stealth
  1074 | D:2      | Reached XP level 4. HP: 23/23 MP: 5/5
  1428 | D:3      | Learned a level 2 spell: Mercury Vapours
  2049 | D:3      | Reached skill level 5 in Dodging
  2049 | D:3      | Reached XP level 5. HP: 25/28 MP: 6/6
  2183 | D:4      | Noticed a black bear
  2281 | D:4      | Found a glowing drain.
  2311 | D:4      | Killed a black bear
  2312 | D:4      | Reached skill level 5 in Short Blades
  2312 | D:4      | Reached skill level 3 in Stealth
  2312 | D:4      | Reached skill level 1 in Spellcasting
  2312 | D:4      | Reached skill level 1 in Alchemy
  2512 | Sewer    | Entered a sewer
  2805 | Sewer    | Reached XP level 6. HP: 32/32 MP: 8/8
  3303 | Sewer    | Reached skill level 4 in Stealth
  4231 | D:4      | Reached XP level 7. HP: 8/36 MP: 10/10
  4337 | D:4      | Gained mutation: You expend magic power (3 MP) to
                  | strengthen your wands. [potion of mutation]
  4337 | D:4      | Gained mutation: Your body sometimes deteriorates upon
                  | taking damage. [potion of mutation]
  4337 | D:4      | Gained mutation: You are partially covered in iridescent
                  | scales. (AC +2) [potion of mutation]
  4495 | D:4      | Identified the +1 leather armour of Mefalam {Will+}
  4589 | D:4      | Found a glowing silver altar of Zin.
  4764 | D:5      | Entered Level 5 of the Dungeon
  4773 | D:5      | Found a sparkling altar of Nemelex Xobeh.
  5279 | D:5      | Found Weblotwo's Book Emporium.
  5459 | D:5      | Reached skill level 5 in Stealth
  5815 | D:6      | Found a white marble altar of Elyvilon.
  5867 | D:6      | Reached skill level 6 in Stealth
  6311 | D:6      | Reached XP level 8. HP: 25/42 MP: 13/13
  6556 | D:6      | Reached skill level 7 in Stealth
  6583 | D:6      | Found a staircase to the Ecumenical Temple.
  6660 | Temple   | Entered the Ecumenical Temple
  6665 | Temple   | Learned a level 3 spell: Mephitic Cloud
  6882 | D:6      | Reached skill level 1 in Throwing
  6967 | D:5      | Lost mutation: You expend magic power (3 MP) to strengthen
                  | your wands. [potion of mutation]
  6967 | D:5      | Lost mutation: Your body sometimes deteriorates upon taking
                  | damage. [potion of mutation]
  6967 | D:5      | Gained mutation: You are covered in fur. (AC +1) [potion of
                  | mutation]
  6967 | D:5      | Gained mutation: Your mind is acute. (Int +4, Str/Dex -1)
                  | [potion of mutation]
  7239 | D:6      | Reached skill level 1 in Evocations
  7367 | D:6      | Found Juk Fonaetru's Distillery.
  7375 | D:6      | Bought a potion of heal wounds for 75 gold pieces
  7375 | D:6      | Bought a potion of heal wounds for 75 gold pieces
  7375 | D:6      | Bought a potion of curing for 45 gold pieces
  7526 | D:7      | Reached skill level 8 in Stealth
  7574 | D:7      | Found an ornate altar of the Wu Jian Council.
  7585 | D:7      | Became a worshipper of the Wu Jian Council
  7585 | D:7      | Reached * piety under Wu Jian
  7585 | D:7      | Reached ** piety under Wu Jian
  7654 | D:7      | Killed from afar by an orc priest

Illustrated notes

Levels and vault maps discovered:
D:1:      nicolae_arrival_memento_mori, layout_basic,
          nicolae_ecumenical_snake_handling, minmay_misc_feat_tiny
D:2:      layout_loops_ring, glass_columns_b, chequers_garden, uniq_robin
D:3:      layout_basic, serial_glass, glass_columns_b, glass_columns_a,
          kennysheep_path_1
D:4:      layout_loops_ring, zin_treasury, cheibrodos_sewer_entry_bend,
          minmay_goblin_kobold_house
D:5:      layout_loops_ring, nemelex_diamond_rough_becter, serial_shops,
          nicolae_book_shop_shelving
D:6:      layout_basic, mainiacjoe_overflow_catwalk, minmay_temple_entry_fiery,
          serial_shops, nicolae_shop_peninsula
D:7:      layout_rooms, mainiacjoe_overflow_concentric_impassable, minivault_27
Temple:   minmay_crystal_spiral_temple

Skill      XL: |  1  2  3  4  5  6  7  8 |
---------------+-------------------------+-----
Stealth        | 1 2 3 4 6 8 |  8.1
Short Blades   | 4 5 6 |  6.4
Fighting       | 3 4 |  4.0
Dodging        | 5 6 7 |  7.2
Spellcasting   | 1 2 3 |  3.4
Alchemy        | 1 2 3 |  3.3
Throwing       | 1 |  1.0
Evocations     | 1 |  1.3
Air Magic      | |  0.1

Action                     |  1- 3 |  4- 6 |  7- 9 || total
---------------------------+-------+-------+-------++-------
  Melee: Short sword       |   143 |   474 |    37 ||   654
         Punch             |       |     1 |    10 ||    11
         Dagger            |       |       |   287 ||   287
  Throw: Throwing net      |       |     3 |     2 ||     5
         Dart              |       |    10 |     1 ||    11
   Cast: Mercury Vapours   |       |     4 |       ||     4
Ability: Lunge             |       |       |     1 ||     1
  Evoke: Wand              |       |       |    12 ||    12
    Use: Scroll            |     1 |     5 |     4 ||    10
         Potion            |     1 |     4 |     2 ||     7
   Stab: Sleeping          |     1 |     4 |    13 ||    18
         Distracted        |       |     1 |       ||     1
         Paralysed         |       |       |     2 ||     2
 Armour: Robe              |    25 |   108 |    59 ||   192
  Dodge: Dodged            |   106 |   366 |   153 ||   625
